 Dungeon Crawl Stone Soup version 0.30-a0-748-ge6a52f7cba (webtiles) character file.

Game seed: 12849606059024454850

37 Mickster the Cutter (level 3, -11/29 HPs)
             Began as a Human Monk on Feb 8, 2023.
             Blown up by Ijyb (16 damage)
             ... with a mindburst bolt
             ... on level 3 of the Dungeon.
             The game lasted 00:12:31 (984 turns).

Mickster the Cutter (Human Monk)                     Turns: 984, Time: 00:12:31

Health: -11/29     AC:  6    Str: 13    XL:     3   Next: 62%
Magic:  3/3        EV: 10    Int: 10    God:
Gold:   42         SH:  0    Dex: 15    Spells: 2/2 levels left

rFire   . . .      SeeInvis .    a - +0 short sword
rCold   . . .      Faith    .    (no shield)
rNeg    . . .      Spirit   .    e - +0 scale mail
rPois   .          Reflect  .    (no helmet)
rElec   .          Harm     .    (no cloak)
rCorr   .          Rampage  .    (no gloves)
Will    .....                    (no boots)
Stlth   +                        (no amulet)
HPRegen 0.24/turn                (no ring)
MPRegen 0.08/turn                (no ring)

@: no status effects
A: no striking features
a: no special abilities


You were on level 3 of the Dungeon.
You visited 1 branch of the dungeon, and saw 3 of its levels.

You collected 42 gold pieces.

Inventory:

Hand Weapons
 a - a +0 short sword (weapon)
 f - a +0 dire flail
Missiles
 g - 11 stones (quivered)
Armour
 b - a +0 robe
 d - a +1 ring mail
 e - a +0 scale mail (worn)
Scrolls
 i - a scroll of amnesia {unknown}
Potions
 c - a potion of ambrosia
 h - a potion of brilliance


   Skills:
 + Level 3.3 Fighting
 + Level 3.7 Short Blades
 + Level 0.1 Armour
 + Level 3.2 Dodging
 + Level 2.2 Stealth


You had 2 spell levels left.
You didn't know any spells.
Your spell library was empty.

Dungeon Overview and Level Annotations

Branches:
Dungeon (3/15)

Altars:
Ru

Annotations:
D:3 Ijyb


Message History

There is a stone staircase leading down here.
You climb downwards.
You hear the sound of rushing water.
There is an entrance to a sewer on this level.
Hurry and find it before the portal rusts away!
Found 10 gold pieces.
There is a stone staircase leading up here.
Ijyb the Twisted Goblin comes into view.
She is wielding a +0 dagger and carrying a wand of mindburst (14).
Ijyb shouts!
You see here 10 gold pieces.
You closely miss Ijyb. You hit Ijyb but do no damage.
Ijyb hits you but does no damage.
You hit Ijyb.
Ijyb is lightly wounded.
Ijyb zaps a wand.
Your mind is blasted!
Ouch! That really hurt!
You hit Ijyb.
Ijyb is lightly wounded.
Ijyb barely misses you.
You hit Ijyb but do no damage.
Ijyb is lightly wounded.
Ijyb hits you but does no damage.
You hit Ijyb.
Ijyb is moderately wounded.
Ijyb closely misses you.
You hit Ijyb.
Ijyb is moderately wounded.
You hit Ijyb but do no damage.
Ijyb is moderately wounded.
Ijyb zaps a wand.
Your mind is blasted!
* * * LOW HITPOINT WARNING * * *
You barely miss Ijyb.
Ijyb is moderately wounded.
Ijyb hits you with a +0 dagger.
* * * LOW HITPOINT WARNING * * *
You hit Ijyb but do no damage.
Ijyb is moderately wounded.
Ijyb screams, "Get away!"
Ijyb zaps a wand.
Your mind is blasted!
Ouch! That really hurt!
You die...

..#
#.####
.....#
#.##.#
#.##.#
#.##.# #
#g##.#
#.##@##<#
#.......#
##..$...#
#.#.##.#
#.#.##.#
#.#.##.#
# #.##.#
.....#
#.####


You could see Ijyb.

Vanquished Creatures
  A gnoll (D:1)
  A bat (D:1)
  An endoplasm (D:1)
  A giant cockroach (D:1)
  2 goblins (D:1)
  A hobgoblin (D:2)
  4 jackals (D:1)
  4 kobolds
  A quokka (D:2)
  6 ball pythons
  A frilled lizard (D:1)
  A rat (D:1)
24 creatures vanquished.

Notes
Turn   | Place    | Note
-------+----------+-------------------------------------------
     0 | D:1      | Mickster the Human Monk began the quest for the Orb.
     0 | D:1      | Reached XP level 1. HP: 18/18 MP: 1/1
   237 | D:1      | Reached XP level 2. HP: 24/24 MP: 2/2
   347 | D:1      | Reached XP level 3. HP: 22/29 MP: 3/3
   621 | D:2      | Found a sacrificial altar of Ru.
   971 | D:3      | Noticed Ijyb
   984 | D:3      | Blown up by Ijyb

Illustrated notes

Levels and vault maps discovered:
D:1:      dpeg_arrival_ternary, layout_basic
D:2:      layout_basic, basic_altar
D:3:      layout_loops_cross, gup_sewer_entry_bowl, uniq_ijyb

Action                     || total
---------------------------++-------
  Melee: Short sword       ||   149
         Punch             ||     2
    Use: Scroll            ||     2
         Potion            ||     2
 Armour: Ring mail         ||    12
         Scale mail        ||    42
         Robe              ||     1
  Dodge: Dodged            ||    68

Table legend: (Time is in decaauts)
 A = Elapsed time spent in this place.
 B = Non-inter-level travel time spent in this place.
 C = Inter-level travel time spent in this place.
 D = Time resting spent in this place.
 E = Time spent auto-exploring this place.
 F = Levels seen in this place.
 G = Mean time per level.
                   A        B        C        D        E       F      G
               +--------+--------+--------+--------+--------+-----+--------+
         Total |    958 |    904 |     54 |     35 |      0 |   3 |  319.3 |
       Dungeon |    958 |    904 |     54 |     35 |      0 |   3 |  319.3 |
               +--------+--------+--------+--------+--------+-----+--------+

Top non-repeatable levels by time:
     D:1: 570 daAuts
     D:2: 372 daAuts
     D:3: 15 daAuts
